 Dungeon Crawl Stone Soup version 0.18-a0-824-g47fe746 (webtiles) character file.

72 cluie the Chiller (level 4, 14/33 HPs)
             Began as a Demonspawn Ice Elementalist on Dec 17, 2015.
             Quit the game on level 2 of the Dungeon.
             The game lasted 00:02:52 (2111 turns).

cluie the Chiller (Demonspawn Ice Elementalist)     Turns: 2111, Time: 00:02:52

Health: 14/33      AC:  4    Str:  9    XL:     4   Next: 7%
Magic:  7/7        EV: 12    Int: 17    God:
Gold:   98         SH:  0    Dex: 13    Spells: 1 memorised, 6 levels left

rFire  . . .     SeeInvis .     e - +0 whip
rCold  . . .     Gourm    .     a - +0 robe
rNeg   . . .     Faith    .     (no shield)
rPois  .         Spirit   +     k - +0 helmet
rElec  .         Dismiss  .     (no cloak)
rCorr  .         Reflect  .     (no gloves)
SustAt .         Harm     .     (no boots)
MR     .....                    u - amulet of guardian spirit
Stlth  ++........               (no ring)
                                (no ring)

@: flying (expiring), not resistant to hostile enchantments, unstealthy
A: rugged brown scales 1, powered by pain 1, rot immunity
a: no special abilities


You were on level 2 of the Dungeon.
You were not hungry.

You visited 1 branch of the dungeon, and saw 2 of its levels.

You collected 98 gold pieces.

Inventory:

Hand Weapons
 e - a +0 whip (weapon)
Armour
 a - a +0 robe (worn)
 k - a +0 helmet (worn)
Jewellery
 u - an amulet of guardian spirit (around neck)
Wands
 t - a wand of confusion (29)
Scrolls
 f - a scroll of recharging {unknown}
 i - 2 scrolls of remove curse {unknown}
 j - a scroll of identify {unknown}
 l - a scroll of fear {unknown}
 n - 2 scrolls of amnesia {unknown}
 p - a scroll of immolation {unknown}
 q - a scroll of teleportation {unknown}
 s - a scroll of blinking {unknown}
Potions
 d - 2 potions of flight
 g - a potion of invisibility {unknown}
 m - a potion of heal wounds
 o - 3 potions of ambrosia
 r - a potion of brilliance {unknown}
 v - a potion of might {unknown}
Books
 b - a book of Frost

   Spells                             Type                      Level
   a - Freeze                         Ice                          1
   b - Throw Frost                    Conjuration/Ice              2
   c - Ozocubu's Armour               Charms/Ice                   3
   d - Throw Icicle                   Conjuration/Ice              4
   e - Summon Ice Beast               Ice/Summoning                4
   f - Condensation Shield            Ice                          4
Comestibles
 c - 3 bread rations
 h - a meat ration


   Skills:
 + Level 1.8 Fighting
 + Level 2.4 Dodging
 - Level 1.7 Stealth
 + Level 2.4 Spellcasting
   Level 1.0 Conjurations
 * Level 3.3 Ice Magic


You had 6 spell levels left.
You knew the following spells:

 Your Spells              Type           Power        Failure   Level  Hunger
a - Freeze                Ice            ##..         6%          1    #......


Dungeon Overview and Level Annotations

Branches:
Dungeon (2/15)

Altars:


Innate Abilities, Weirdness & Mutations

You are partially covered in rugged brown scales (AC +1, +3% HP).
You sometimes gain a little power by taking damage.
You are immune to rotting.


Message History

You have reached level 4!
You feel stronger.
Your demonic ancestry asserts itself...
You feel immune to rotting.
You feel sick.
You start resting.
You feel sick.
You feel sick. x13
Your magical contamination has completely faded away.
You start resting.
You feel sick.
You feel sick.
You are starting to lose your buoyancy.
You start resting.
You feel sick.
You are no longer poisoned.
Autopickup is now off.
Are you sure you want to abandon this character and quit the game? (Confirm with "yes".)
Okay, then.
Are you sure you want to abandon this character and quit the game? (Confirm with "yes".)
Okay, then.
Autopickup is now on.
Are you sure you want to abandon this character and quit the game? (Confirm with "yes".)

#.#### #.#.# #.#
###.##.####.#.# ###.#
..)...........# #...#
###.##..###.###
#...######### ........#
#.# ####..........).
###.##.##
#.######.........#####.
#.##.####..<.............#
#.
#..........#####.........#
#.
####^##.......@†......####
#. #.##.#####.#####...#
###. #.##.# ...#
#...#####.... #....# #.#.#
##........##. ####.# #...#
##.########. #.# # #.# #.#
#. #.. ..# #.# #. ### ###
#.########. #..........


There were no monsters in sight!

Vanquished Creatures
  3 adders (D:2)
  A worm (D:2)
  2 giant geckos (D:2)
  A bat (D:2)
  A giant cockroach (D:1)
  9 hobgoblins
  6 jackals
  2 quokkas (D:2)
  3 giant newts
  4 goblins
  5 kobolds
  A rat (D:2)
38 creatures vanquished.

Notes
Turn   | Place    | Note
--------------------------------------------------------------
     0 | D:1      | cluie the Demonspawn Ice Elementalist began the quest for the Orb.
     0 | D:1      | Reached XP level 1. HP: 13/13 MP: 3/3
   312 | D:1      | Gained mutation: You are partially covered in rugged brown scales (AC +1, +3% HP). [demonic ancestry]
   312 | D:1      | Reached XP level 2. HP: 11/20 MP: 0/5
   725 | D:1      | Reached skill level 1 in Fighting
  1053 | D:2      | Reached skill level 3 in Ice Magic
  1309 | D:2      | Gained mutation: You sometimes gain a little power by taking damage. [demonic ancestry]
  1309 | D:2      | Reached XP level 3. HP: 17/26 MP: 0/6
  2076 | D:2      | Gained mutation: You are immune to rotting. [demonic ancestry]
  2076 | D:2      | Reached XP level 4. HP: 29/33 MP: 7/7
  2111 | D:2      | Quit the game

Vault maps used:
D:1:      roderic_octagonal_star, minmay_crystal_water
D:2:      first_bread, minmay_liquid_box, uniq_crazy_yiuf_cottage

Action                   |  1- 3 |  4- 6 || total
-------------------------+-------+-------++-------
Melee: Unarmed           |    11 |       ||    11
       Whip              |   115 |       ||   115
 Cast: Freeze            |    40 |       ||    40
  Use: Potion            |     3 |       ||     3
 Stab: Sleeping          |     4 |       ||     4
  Eat: Chunk             |     4 |       ||     4
